 Dungeon Crawl Stone Soup version 0.24.1-8-ga250c9d538 (webtiles) character file.

Game seed: 15583930777192741215, levelgen mode: deterministic

32 nightchill the Cutter (level 3, -1/24 HPs)
             Began as a Kobold Berserker on May 6, 2020.
             Was a Believer of Trog.
             Slain by a goblin
             ... wielding a +0 club
             ... led by Robin
              (3 damage)
             ... on level 2 of the Dungeon.
             The game lasted 00:02:35 (1139 turns).

nightchill the Cutter (Kobold Berserker)            Turns: 1139, Time: 00:02:35

Health: -1/24      AC:  5    Str: 15    XL:     3   Next: 42%
Magic:  3/3        EV: 14    Int:  8    God:    Trog [**....]
Gold:   75         SH:  0    Dex: 14    Spells: 2/2 levels left

rFire    . . .     SeeInvis .   a - +0 short sword
rCold    . . .     Gourm    .   (shield restricted)
rNeg     . . .     Faith    .   d - +0 ring mail
rPois    .         Spirit   .   (no helmet)
rElec    .         Reflect  .   (no cloak)
rCorr    .         Harm     .   (no gloves)
MR       .....                  (no boots)
Stlth    +.........             (no amulet)
HPRegen  0.08/turn              (no ring)
MPRegen  0.08/turn              (no ring)

@: no status effects
A: small, carnivore
a: Berserk, Trog's Hand, Renounce Religion


You were on level 2 of the Dungeon.
You worshipped Trog.
Trog was pleased with you.
You were completely stuffed.

You visited 1 branch of the dungeon, and saw 2 of its levels.

You collected 75 gold pieces.

Inventory:

Hand Weapons
 a - a +0 short sword (weapon)
Missiles
 f - 26 sling bullets
 j - 5 silver javelins
 k - 31 stones (quivered)
Armour
 b - a +0 animal skin
 d - a +0 ring mail (worn)
 i - a +0 pair of boots
Jewellery
 m - a cursed ring of attention {unknown}
Scrolls
 e - 3 scrolls of teleportation {unknown}
 h - 3 scrolls of identify {unknown}
 l - a scroll of enchant weapon {unknown}
 o - a scroll of remove curse {unknown}
Potions
 n - a potion of flight {unknown}
Comestibles
 c - a ration
 g - a chunk of flesh


   Skills:
 + Level 3.7 Fighting
 * Level 4.9 Short Blades
 - Level 1.5 Armour
 - Level 2.4 Dodging
 + Level 1.7 Stealth


You had 2 spell levels left.
You didn't know any spells.
Your spell library was empty.

Dungeon Overview and Level Annotations

Branches:
Dungeon (2/15)

Altars:


Innate Abilities, Weirdness & Mutations

You are small and have problems with some larger weapons.
You are carnivorous and can eat meat at any time.


Message History

The goblin misses you. The kobold closely misses you.
The hobgoblin barely misses you. The goblin barely misses you.
The kobold completely misses you. The hobgoblin barely misses you.
The goblin closely misses you. The kobold misses you.
The hobgoblin closely misses you. The kobold hits you with a +0 dagger.
* * * LOW HITPOINT WARNING * * *
The goblin hits you but does no damage. The hobgoblin closely misses you.
The kobold hits you with a +0 dagger.
* * * LOW HITPOINT WARNING * * *
The hobgoblin hits you.
* * * LOW HITPOINT WARNING * * *
The goblin misses you. The kobold closely misses you.
The hobgoblin barely misses you. The goblin hits you with a +0 club.
* * * LOW HITPOINT WARNING * * *
The kobold hits you but does no damage. The hobgoblin closely misses you.
The goblin hits you with a +0 club.
You die...

#.#.#######
#.#..#
######.##.######
#..รท............
#.####.#.#######
#########.#
#.#...#
..........#
#.###.#
..........# #.#
#.# ......K@.##
#.# #.#
......gg.# #.#
#.# ...........
..# #.#
................
...
......####...).
... ....## ...#.
... .... ...# ...
..#


You could see a hobgoblin, a goblin and a kobold.

Vanquished Creatures
  A dart slug (D:1)
  2 leopard geckos (D:1)
  4 bats
  A giant cockroach (D:1)
  3 hobgoblins (D:1)
  3 jackals (D:1)
  A kobold (D:1)
  A ball python (D:1)
  A frilled lizard (D:1)
  5 goblins
  3 rats (D:1)
25 creatures vanquished.

Notes
Turn   | Place    | Note
-------+----------+-------------------------------------------
     0 | D:1      | nightchill the Kobold Berserker began the quest for the
                  | Orb.
     0 | D:1      | Reached XP level 1. HP: 14/14 MP: 1/1
   128 | D:1      | Reached XP level 2. HP: 19/19 MP: 2/2
   161 | D:1      | Reached skill level 1 in Stealth
   557 | D:1      | Reached XP level 3. HP: 16/23 MP: 3/3
   695 | D:1      | Reached ** piety under Trog
  1139 | D:2      | Slain by a goblin

Levels and vault maps discovered:
D:1:      psy_arrival_heroes, layout_basic, st_stairs_14
D:2:      layout_basic, minmay_pentomino_s2, uniq_robin

Skill      XL: |  1  2 |
---------------+-------+-----
Stealth        | 1 |  1.7
Fighting       | |  3.7
Short Blades   | |  4.9
Armour         | |  1.5
Dodging        | |  2.4

Action                   || total
-------------------------++-------
Melee: Short sword       ||    74
Invok: Berserk           ||     1
 Stab: Sleeping          ||     1
  Eat: Chunk             ||    10
Armor: Ring mail         ||    38
Dodge: Dodged            ||   111
